 Dungeon Crawl Stone Soup version 0.31-a0-1549-g5ff9445e89 (webtiles) character file.

Game seed: 8456197111086084464

1381 domi the Thaumaturge (level 8, -5/36 HPs)
             Began as a Vine Stalker Necromancer on Jan 3, 2024.
             Was an Initiate of Kikubaaqudgha.
             Killed by nerve-wracking pain
             ... invoked by an orc priest
              (12 damage)
             ... on level 6 of the Dungeon.
             The game lasted 00:13:34 (6303 turns).

domi the Thaumaturge (Vine Stalker Necromancer)     Turns: 6303, Time: 00:13:34

Health: -5/36      AC:  6    Str: 10    XL:     8   Next: 67%
Magic:  0/21       EV: 12    Int: 17    God:    Kikubaaqudgha [......]
Gold:   261        SH:  0    Dex: 16    Spells: 10/23 levels left

rFire   . . .        g - +1 dagger
rCold   . . .        (no shield)
rNeg    . . .        a - +1 robe
rPois   .            (no helmet)
rElec   .            (no cloak)
rCorr   .            o - +2 pair of gloves {infuse}
SInv    .            (no boots)
Will    +....        d - amulet of the acrobat
Stlth   ++           (no ring)
HPRegen 1.06/turn    (no ring)
MPRegen 0.17/turn

%: acrobat, guardian spirit
@: animating dead
A: fangs 3, regeneration 1, magic shield, antimagic bite, no potion heal 2
a: Renounce Religion


You were on level 6 of the Dungeon.
You worshipped Kikubaaqudgha.
Kikubaaqudgha was noncommittal.
You visited 2 branches of the dungeon, and saw 7 of its levels.

You collected 261 gold pieces.

Inventory:

Hand Weapons
 g - a +1 dagger (weapon)
   (You took it off a goblin on level 1 of the Dungeon)
Armour
 a - a +1 robe (worn)
 o - a +2 pair of gloves of infusion (worn)
   (You found it on level 2 of the Dungeon)
 q - a scarf of harm
   (You found it on level 1 of the Dungeon)
 u - the +1 scale mail of the Wereyak {Rampage +Blink Str-3}
   (You found it on level 3 of the Dungeon)

   Str-3:     It affects your strength (-3).
   +Blink:    It lets you blink.
   Rampage:   It bestows one free step when moving towards enemies.
Magical Staves
 m - a staff of fire {rF+}
   (You found it on level 2 of the Dungeon)
Jewellery
 d - an amulet of the acrobat (around neck)
   (You found it on level 1 of the Dungeon)
 k - a ring of fire {rF+, rC-}
   (You found it on level 2 of the Dungeon)
Scrolls
 c - a scroll of identify {@r1}
Potions
 e - 2 potions of might {unknown}
 f - a potion of resistance {unknown}
 h - 2 potions of heal wounds {unknown}
 i - a potion of attraction {unknown}
 l - a potion of enlightenment
 n - a potion of curing {unknown}
 r - 2 potions of brilliance {unknown}
 s - 2 potions of lignification {!q!q}
 t - 2 potions of berserk rage {unknown}
 v - a potion of cancellation {unknown}
 B - 2 potions of degeneration {unknown}
 C - a potion of invisibility {unknown}


   Skills:
 - Level 1.5 Dodging
 - Level 2.4 Stealth
 + Level 8.1 Spellcasting
 - Level 8.0 Necromancy


You had 10 spell levels left.
You knew the following spells:

 Your Spells              Type           Power      Damage    Failure   Level
x - Curse of Agony        Necr           34%        N/A       11%         5
y - Necrotise             Necr           100%       1d9       1%          1
z - Vampiric Draining     Necr           34%        2d8       1%          3
X - Animate Dead          Necr           34%        N/A       3%          4

Your spell library contained the following spells:

 Spells                   Type           Power      Damage    Failure   Level
 Dazzling Flash           Conj/Hex       12%        N/A       30%         3
 Volatile Blastmotes      Fire/Tloc      12%        2d11      30%         3
 Starburst                Conj/Fire      3%         6d3       100%        6
 Maxwell's Capacitive Co  Air            3%         ∞         100%        8


Dungeon Overview and Level Annotations

Branches:
Dungeon (6/15)             Temple (1/1) D:5

Altars:
Ashenzari
Cheibriados
Dithmenos
Elyvilon
Fedhas
Gozag
Hepliaklqana
Kikubaaqudgha
Nemelex Xobeh
Okawaru
Qazlal
Ru
Sif Muna
Trog
Uskayaw
Vehumet
Wu Jian
Xom
Yredelemnul
Zin
The Shining One

Shops:
D:4 !


Innate Abilities, Weirdness & Mutations

You have razor-sharp teeth.
Your natural rate of healing is unusually fast.
When hurt, damage is shared between your health and your magic reserves.
Your bite disrupts and absorbs the magic of your enemies.
Potions cannot restore your health.


Message History

The steam dragon writhes in agony.
The steam dragon barely misses you. The steam dragon claws you.
Press: ? - help, Shift-Dir - straight line, f/p - steam dragon
Aim: a steam dragon (moderately wounded, chance to affect: 83%)
The steam dragon writhes in agony.
The steam dragon breathes steam at you. The ball of steam hits you.
Press: ? - help, Shift-Dir - straight line, f/p - steam dragon
Aim: a steam dragon (moderately wounded, chance to affect: 83%)
The steam dragon writhes in agony!
You are engulfed in a cloud of scalding steam.
The steam dragon breathes steam at you. The ball of steam hits you!
Press: ? - help, Shift-Dir - straight line, f/p - steam dragon
Aim: a steam dragon (steam, heavily wounded, catching its breath, chance to affect: 83%)
The steam dragon writhes in agony.
The steam dragon bites you but does no damage.
The steam dragon claws you but does no damage.
Press: ? - help, Shift-Dir - straight line, f/p - steam dragon
Aim: a steam dragon (heavily wounded, chance to affect: 83%)
The steam dragon writhes in agony.
The steam dragon bites you. The steam dragon completely misses you.
Press: ? - help, Shift-Dir - straight line, f/p - steam dragon
Aim: a steam dragon (severely wounded, chance to affect: 83%)
The steam dragon writhes in agony!
You are engulfed in a cloud of scalding steam.
The steam dragon barely misses you. The steam dragon claws you.
Press: ? - help, Shift-Dir - straight line, f/p - steam dragon
Aim: a steam dragon (almost dead, chance to affect: 83%)
The steam dragon writhes in agony.
You kill the steam dragon!
Kikubaaqudgha accepts your kill.
The dead are flying!
Your Spellcasting skill increases to level 8!
You can't see any susceptible monsters within range! (Use Z to cast anyway.)
You start resting.
Your steam dragon skeleton crumbles into dust!
There is an open door here.
An orc wizard comes into view. It is wielding a +0 dagger.
An orc wizard is nearby!
An orc wizard is nearby!
An orc wizard is nearby!
An orc wizard is nearby!
Press: ? - help, Shift-Dir - straight line, f - orc wizard
Aim: an orc wizard, wielding a +0 dagger and wearing a +0 leather armour (wandering, hasn't noticed you, chance to affect: 83%)
The orc wizard shouts!
The orc wizard barely resists.
An orc priest comes into view. It is wielding a +0 club.
Press: ? - help, Shift-Dir - straight line, f/p - orc wizard
Aim: an orc wizard, wielding a +0 dagger and wearing a +0 leather armour (chance to affect: 83%)
The orc wizard writhes in agony!
The orc priest shouts!
An orc wizard comes into view. It is wielding a +0 dagger.
Press: ? - help, Shift-Dir - straight line, f/p - orc wizard
Aim: an orc wizard, wielding a +0 dagger and wearing a +0 leather armour (heavily wounded, chance to affect: 83%)
The orc wizard writhes in agony.
The orc wizard shouts!
The orc priest calls down the wrath of Beogh upon you.
Beogh smites you!
Press: ? - help, Shift-Dir - straight line, f/p - orc wizard
Aim: an orc wizard, wielding a +0 dagger and wearing a +0 leather armour (almost dead, chance to affect: 83%)
The orc wizard barely resists.
The orc wizard gestures at you while chanting.
The puff of flame hits you.
Press: ? - help, Shift-Dir - straight line, f/p - orc wizard
Aim: an orc wizard, wielding a +0 dagger and wearing a +0 leather armour (almost dead, chance to affect: 83%)
The orc wizard barely resists.
You call upon the dead to rise.
The orc wizard casts a spell at you. The magic dart hits you.
The orc priest calls down the wrath of Beogh upon you.
Beogh smites you!
Unknown command.
You hit the orc wizard but do no damage.
The orc wizard hits you with a +0 dagger.
You hit the orc wizard but do no damage.
The orc wizard hits you with a +0 dagger.
The orc priest mumbles some strange prayers to Beogh against you.
Beogh smites you!
You barely miss the orc wizard. Your bite misses the orc wizard.
The orc wizard closely misses you.
An orc priest comes into view. It is wielding a +0 flail.
You completely miss the orc wizard.
The orc wizard hits you with a +0 dagger.
An orc comes into view. It is wielding a +0 hand axe.
You hit the orc wizard.
The orc wizard hits you but does no damage.
The orc priest calls upon Beogh to heal the orc wizard.
The orc wizard is healed somewhat.
The orc wizard casts a spell.
The orc wizard flickers and vanishes!
Deactivating autopickup; reactivate with Ctrl-A.
You miss the orc wizard. Your bite misses the orc wizard.
The orc wizard gestures at you while chanting.
The puff of flame hits you.
* * * LOW HITPOINT WARNING * * *
The orc priest invokes the aid of Beogh against you.
Pain shoots through your body!
You die...
Kikubaaqudgha rasps: "You have failed me!
Welcome... death!"

#>.......###.....##
#.## #....###.# ##...##
#.# ##....###.# ##'###
#.# #.......#.##. ....
#.# #.......#.##.....#
#.# #.......#.##.##..#
##........##.#...###.##
#
##.....###.....o{.o.o..
## #<....###....@o###.#
#. .
#................(.#
#.##
#.....###......#####
..#. #.....# #......#
... ## ####### ##.....#
#.###. ######.###
#..#..
########........# #...#
#........####.#.# #..##
#.######.# ##...##
###....


You could see 2 orc priests, an orc wizard and an orc.

Vanquished Creatures
  A steam dragon (D:6)
  A black bear (D:5)
  An orc warrior (D:6)
  A centaur (D:5)
  A kobold brigand (D:5)
  2 scorpions (D:4)
  A howler monkey (D:5)
  2 bombardier beetles
  3 hounds (D:6)
  A jelly (D:6)
  An orc priest (D:5)
  Natasha (twice) (D:2)
  2 iguanas (D:5)
  2 orc wizards
  5 gnolls (D:5)
  6 adders
  A white imp (D:6)
  2 ufetubi (D:6)
  2 dart slugs
  A ribbon worm (D:2)
  14 orcs
  6 bats
  7 endoplasms
  2 giant cockroaches
  4 goblins
  5 hobgoblins
  4 jackals (D:2)
  3 quokkas
  6 ball pythons
  3 frilled lizards
  9 kobolds
  3 rats (D:1)
104 creatures vanquished.

Vanquished Creatures (collateral kills)
  A phantom (D:5)
  An orc priest (D:5)
  Natasha (D:2)
  An adder (D:6)
  2 gnolls (D:5)
  2 orcs (D:6)
  An endoplasm (D:3)
  2 frilled lizards
  A kobold (D:2)
12 creatures vanquished.

Vanquished Creatures (others)
  An adder zombie (D:6)
  2 orc zombies (D:6)
3 creatures vanquished.

Grand Total: 119 creatures vanquished

Notes
Turn   | Place    | Note
-------+----------+-------------------------------------------
     0 | D:1      | domi the Vine Stalker Necromancer began the quest for the
                  | Orb.
     0 | D:1      | Reached XP level 1. HP: 9/9 MP: 4/4
   214 | D:1      | Reached XP level 2. HP: 13/13 MP: 3/6
   705 | D:1      | You fall into a shaft and drop 1 floor!
   781 | D:2      | Reached XP level 3. HP: 16/16 MP: 3/7
   843 | D:2      | Reached skill level 5 in Necromancy
   931 | D:2      | Learned a level 3 spell: Vampiric Draining
   979 | D:2      | Noticed Natasha
   986 | D:2      | Killed Natasha
   987 | D:2      | Reached XP level 4. HP: 10/21 MP: 0/8
  1076 | D:2      | Noticed Natasha
  1083 | D:2      | Killed Natasha
  1388 | D:2      | Reached skill level 6 in Necromancy
  1673 | D:2      | Noticed Natasha
  1688 | D:2      | Killed Natasha
  1689 | D:2      | Reached XP level 5. HP: 24/24 MP: 6/9
  2074 | D:3      | Learned a level 4 spell: Animate Dead
  2431 | D:3      | Identified the +1 scale mail of the Wereyak {Rampage +Blink
                  | Str-3}
  3188 | D:4      | Reached skill level 7 in Necromancy
  3188 | D:4      | Reached XP level 6. HP: 28/28 MP: 3/11
  3391 | D:4      | Found a shimmering blue altar of Sif Muna.
  3471 | D:4      | Reached skill level 3 in Spellcasting
  3807 | D:4      | Found Niebb's Distillery.
  3982 | D:5      | Entered Level 5 of the Dungeon
  4080 | D:5      | Reached XP level 7. HP: 26/32 MP: 4/13
  4108 | D:5      | Reached skill level 4 in Spellcasting
  4153 | D:5      | Learned a level 5 spell: Curse of Agony
  4257 | D:5      | HP: 2/32 [orc priest/divine providence (9)]
  4393 | D:5      | Reached skill level 8 in Necromancy
  4400 | D:5      | Reached skill level 5 in Spellcasting
  4568 | D:5      | Gained mutation: You have razor-sharp teeth. [Vine Stalker
                  | growth]
  4568 | D:5      | Reached XP level 8. HP: 34/36 MP: 2/17
  4967 | D:5      | Reached skill level 6 in Spellcasting
  5043 | D:5      | Found a staircase to the Ecumenical Temple.
  5269 | Temple   | Entered the Ecumenical Temple
  5302 | Temple   | Became a worshipper of Kikubaaqudgha
  5549 | D:6      | Reached skill level 7 in Spellcasting
  6152 | D:6      | Reached skill level 8 in Spellcasting
  6303 | D:6      | HP: 7/36 [orc wizard/puff of flame (6)]
  6303 | D:6      | Killed from afar by an orc priest

Illustrated notes

Levels and vault maps discovered:
D:1:      heliophobic_arrival_glass_houses, layout_rooms, wad_floor_pattern_2,
          roderic_serpentine_path
D:2:      layout_rooms, minmay_liquid_box, minmay_fountain_box, uniq_natasha
D:3:      minmay_skewed_foursquare, layout_loops_ring
D:4:      layout_cave_pools, mainiacjoe_overflow_six_doors_small, serial_shops,
          nicolae_shop_back_alley_shop, kennysheep_generic_room_13
D:5:      layout_rooms, minmay_temple_entry_drinking_statues
D:6:      layout_loops_corners, serial_aquarium, aquarium_bridge_square
          [aquarium_subvault_balcony, aquarium_subvault_bridge,
          aquarium_subvault_bridge, aquarium_subvault_bridge],
          aquarium_window_fake, aquarium_window_corner, aquarium_window_1,
          aquarium_view_2d, aquarium_balcony_3b, aquarium_pool_corner,
          minmay_between
Temple:   mainiacjoe_temple_cubbyholes

Skill      XL: |  1  2  3  4  5  6  7  8 |
---------------+-------------------------+-----
Necromancy     | 5 6 7 8 |  8.0
Spellcasting   | 3 5 8 |  8.1
Dodging        | |  1.5
Stealth        | |  2.4

Action                     |  1- 3 |  4- 6 |  7- 9 || total
---------------------------+-------+-------+-------++-------
  Melee: Unarmed           |     3 |       |       ||     3
         Dagger            |     8 |    27 |    83 ||   118
         Bite              |     2 |     3 |     7 ||    12
         Punch             |       |       |     2 ||     2
   Cast: Necrotise         |    45 |   103 |    83 ||   231
         Curse of Agony    |       |       |     3 ||     3
         Vampiric Draining |       |       |     2 ||     2
         Animate Dead      |       |       |     3 ||     3
    Use: Scroll            |       |    10 |       ||    10
         Potion            |       |       |     3 ||     3
 Armour: Robe              |     9 |    26 |    69 ||   104
         Skin              |       |       |    77 ||    77
  Dodge: Dodged            |     6 |    46 |    62 ||   114

Table legend: (Time is in decaauts)
 A = Elapsed time spent in this place.
 B = Non-inter-level travel time spent in this place.
 C = Inter-level travel time spent in this place.
 D = Time resting spent in this place.
 E = Time spent auto-exploring this place.
 F = Levels seen in this place.
 G = Mean time per level.
                   A        B        C        D        E       F      G
               +--------+--------+--------+--------+--------+-----+--------+
         Total |   6309 |   6060 |    249 |    947 |   4293 |   7 |  901.3 |
       Dungeon |   6244 |   6057 |    187 |    947 |   4293 |   6 | 1040.7 |
        Temple |     64 |      2 |     62 |      0 |      0 |   1 |   64.0 |
               +--------+--------+--------+--------+--------+-----+--------+

Top non-repeatable levels by time:
     D:5: 1303 daAuts
     D:3: 1110 daAuts
     D:2: 1060 daAuts
     D:1: 1014 daAuts
     D:6: 925 daAuts
     D:4: 830 daAuts
  Temple: 64 daAuts

Levels and vault maps discovered:
D:1:      heliophobic_arrival_glass_houses, layout_rooms, wad_floor_pattern_2,
          roderic_serpentine_path
D:2:      layout_rooms, minmay_liquid_box, minmay_fountain_box, uniq_natasha
D:3:      minmay_skewed_foursquare, layout_loops_ring
D:4:      layout_cave_pools, mainiacjoe_overflow_six_doors_small, serial_shops,
          nicolae_shop_back_alley_shop, kennysheep_generic_room_13
D:5:      layout_rooms, minmay_temple_entry_drinking_statues
D:6:      layout_loops_corners, serial_aquarium, aquarium_bridge_square
          [aquarium_subvault_balcony, aquarium_subvault_bridge,
          aquarium_subvault_bridge, aquarium_subvault_bridge],
          aquarium_window_fake, aquarium_window_corner, aquarium_window_1,
          aquarium_view_2d, aquarium_balcony_3b, aquarium_pool_corner,
          minmay_between
Temple:   mainiacjoe_temple_cubbyholes

Table legend: (Time is in decaauts)
 A = Elapsed time spent in this place.
 B = Non-inter-level travel time spent in this place.
 C = Inter-level travel time spent in this place.
 D = Time resting spent in this place.
 E = Time spent auto-exploring this place.
 F = Levels seen in this place.
 G = Mean time per level.
                   A        B        C        D        E       F      G
               +--------+--------+--------+--------+--------+-----+--------+
         Total |   6309 |   6060 |    249 |    947 |   4293 |   7 |  901.3 |
       Dungeon |   6244 |   6057 |    187 |    947 |   4293 |   6 | 1040.7 |
        Temple |     64 |      2 |     62 |      0 |      0 |   1 |   64.0 |
               +--------+--------+--------+--------+--------+-----+--------+

Top non-repeatable levels by time:
     D:5: 1303 daAuts
     D:3: 1110 daAuts
     D:2: 1060 daAuts
     D:1: 1014 daAuts
     D:6: 925 daAuts
     D:4: 830 daAuts
  Temple: 64 daAuts

Table legend:
 A = Kills in this place as a percentage of kills in the entire game.
 B = Kills by you in this place as a percentage of kills by you in the entire game.
 C = Kills by friends in this place as a percentage of kills by friends in the entire game.
 D = Other kills in this place as a percentage of other kills in the entire game.
 E = Experience gained in this place as a percentage of experience gained in the entire game.
 F = Experience gained in this place divided by the number of levels of this place that you have seen.
                   A       B       C       D       E      F
               +-------+-------+-------+-------+-------+----------------------
         Total | 100.0 | 100.0 | 100.0 |   N/A | 100.0 | 282.0
       Dungeon | 100.0 | 100.0 | 100.0 |   N/A | 100.0 | 329.0
               +-------+-------+-------+-------+-------+----------------------
